% Time on Ice - NORTH DAKOTA HAWKS
Lines # - Real PCT - Wanted PCT - Time Play
Normal Forward
1 - 22% - 30% - 9:49
2 - 30% - 27% - 13:38
3 - 25% - 22% - 11:05
4 - 23% - 21% - 10:19
Normal Defense
1 - 32% - 36% - 14:27
2 - 29% - 33% - 13:11
3 - 34% - 20% - 15:28
4 - 4% - 11% - 1:45
PP Forward
1 - 54% - 65% - 2:50
2 - 46% - 35% - 2:24
PP Defense
1 - 65% - 65% - 3:23
2 - 35% - 35% - 1:51
PK Forward
1 - 61% - 55% - 6:01
2 - 39% - 45% - 3:54
PK Defense
1 - 58% - 55% - 5:44
2 - 42% - 45% - 4:11
PK3 Forward
1 - 0% - 55%
2 - 0% - 45%
PK3 Defense
1 - 0% - 55%
2 - 0% - 45%
44 Forward
1 - 0% - 55%
2 - 0% - 45%
44 Defense
1 - 0% - 55%
2 - 0% - 45%
Last Minute Offensive  - 0:00
Last Minute Defensive  - 0:00
Total
Forward - 60:00
Defense - 60:00
% Time on Ice - CALGARY FIREMEN
Lines # - Real PCT - Wanted PCT - Time Play
Normal Forward
1 - 36% - 34% - 16:09
2 - 28% - 31% - 12:38
3 - 20% - 25% - 8:55
4 - 16% - 10% - 7:09
Normal Defense
1 - 33% - 34% - 14:57
2 - 31% - 31% - 13:45
3 - 30% - 25% - 13:14
4 - 7% - 10% - 2:55
PP Forward
1 - 47% - 50% - 4:41
2 - 53% - 50% - 5:14
PP Defense
1 - 50% - 50% - 4:56
2 - 50% - 50% - 4:59
PK Forward
1 - 44% - 50% - 2:19
2 - 56% - 50% - 2:55
PK Defense
1 - 55% - 50% - 2:52
2 - 45% - 50% - 2:22
PK3 Forward
1 - 0% - 50%
2 - 0% - 50%
PK3 Defense
1 - 0% - 50%
2 - 0% - 50%
44 Forward
1 - 0% - 55%
2 - 0% - 45%
44 Defense
1 - 0% - 55%
2 - 0% - 45%
Last Minute Offensive  - 0:00
Last Minute Defensive  - 0:00
Total
Forward - 60:00
Defense - 60:00
Play-by-Play 1st period 0:01 of 1st period - Ryan Johansen wins face-off versus Nic Dowd in neutral zone. 0:11 of 1st period - Off-side. 0:12 of 1st period - Logan Brown wins face-off versus Marcus Johansson in neutral zone. 0:21 of 1st period - Brenden Dillon is hit by Marcus Johansson. 0:49 of 1st period - Alex Tuch is hit by Brenden Dillon. 1:22 of 1st period - Shot by Colton Sceviour. 1:22 of 1st period - Stopped by Scott Darling without a rebound. 1:23 of 1st period - Ryan Johansen wins face-off versus Derek Grant in NORTH DAKOTA HAWKS zone. 1:48 of 1st period - Shot by Michael Raffl. 1:48 of 1st period - Shot Misses the Net. 1:50 of 1st period - Shot by Ryan Carpenter. 1:50 of 1st period - Stopped by Devan Dubnyk without a rebound. 1:51 of 1st period - Austin Czarnik wins face-off versus Phil Varone in CALGARY FIREMEN zone. 1:51 of 1st period - Austin Czarnik is hit by Lukas Radil. 2:08 of 1st period - Colton Sceviour is hit by Martin Marincin and loses puck. 2:25 of 1st period - Marcus Sorensen is hit by Marc Methot. 2:39 of 1st period - Phil Varone is hit by Viktor Arvidsson. 2:46 of 1st period - Ryan Johansen is hit by Marc Methot and loses puck. 2:52 of 1st period - Viktor Arvidsson is hit by Martin Marincin and loses puck. 2:54 of 1st period - Minor Penalty to Martin Marincin for Cross-checking. 2:55 of 1st period - Adam Henrique wins face-off versus Corey Perry in NORTH DAKOTA HAWKS zone. 3:06 of 1st period - Shot by Adam Henrique. 3:06 of 1st period - Deflect By Alex Tuch. 3:06 of 1st period - Shot Blocked by Dougie Hamilton. 3:08 of 1st period - Shot by Adam Henrique. 3:08 of 1st period - Shot Blocked by Marc Staal. 3:10 of 1st period - Shot by Alex Tuch. 3:10 of 1st period - Shot Misses the Net. 3:29 of 1st period - Shot by Adam Henrique. 3:29 of 1st period - Deflect By Marcus Johansson. 3:29 of 1st period - Shot Blocked by Marc Staal. 3:31 of 1st period - Shot by Daniel Girardi. 3:31 of 1st period - Shot Misses the Net. 4:20 of 1st period - Shot by Viktor Arvidsson. 4:20 of 1st period - Shot Misses the Net. 4:22 of 1st period - Shot by Filip Forsberg. 4:22 of 1st period - Stopped by Scott Darling without a rebound. 4:23 of 1st period - Adam Henrique wins face-off versus Derek Grant in NORTH DAKOTA HAWKS zone. 6:06 of 1st period - Shot by Ryan Johansen. 6:06 of 1st period - Stopped by Scott Darling without a rebound. 6:07 of 1st period - Adam Henrique wins face-off versus Logan Brown in NORTH DAKOTA HAWKS zone. 6:08 of 1st period - Shot by Alex Tuch. 6:08 of 1st period - Shot Misses the Net. 6:22 of 1st period - Shot by Logan Brown. 6:22 of 1st period - Goal by Logan Brown - NORTH DAKOTA HAWKS : 1 - CALGARY FIREMEN : 0. 6:23 of 1st period - Ryan Johansen wins face-off versus Michael Raffl in neutral zone. 6:26 of 1st period - Shot by Filip Forsberg. 6:26 of 1st period - Stopped by Scott Darling with a rebound. 6:35 of 1st period - Shot by Lukas Radil. 6:35 of 1st period - Shot Misses the Net. 7:12 of 1st period - Filip Forsberg is hit by Brenden Dillon and loses puck. 7:26 of 1st period - Shot by Logan Brown. 7:26 of 1st period - Shot Blocked by Filip Forsberg. 7:28 of 1st period - Shot by Brenden Dillon. 7:28 of 1st period - Stopped by Devan Dubnyk without a rebound. 7:29 of 1st period - Derek Grant wins face-off versus Adam Henrique in CALGARY FIREMEN zone. 7:41 of 1st period - Off-side. 7:42 of 1st period - Luke Glendening wins face-off versus Logan Brown in neutral zone. 8:08 of 1st period - Icing by Marc Methot. 8:09 of 1st period - Adam Henrique wins face-off versus Corey Perry in NORTH DAKOTA HAWKS zone. 8:56 of 1st period - Nic Dowd is hit by Adam Henrique and loses puck. 9:07 of 1st period - Shot by Matthew Nieto. 9:07 of 1st period - Shot Misses the Net. 9:39 of 1st period - Shot by Lukas Radil. 9:39 of 1st period - Shot Blocked by Andy Greene. 9:43 of 1st period - Shot by Michael Raffl. 9:43 of 1st period - Shot Blocked by Andy Greene. 10:18 of 1st period - Shot by Filip Forsberg. 10:18 of 1st period - Stopped by Scott Darling with a rebound. 10:20 of 1st period - Shot by Viktor Arvidsson. 10:20 of 1st period - Shot Misses the Net. 12:11 of 1st period - Corey Perry is hit by Marcus Johansson and loses puck. 13:25 of 1st period - Icing by Andy Greene. 13:26 of 1st period - Matthew Nieto wins face-off versus Filip Forsberg in CALGARY FIREMEN zone. 13:33 of 1st period - Shot by Viktor Arvidsson. 13:33 of 1st period - Stopped by Scott Darling without a rebound. 13:34 of 1st period - Matthew Nieto wins face-off versus Luke Glendening in NORTH DAKOTA HAWKS zone. 13:34 of 1st period - Lukas Radil is hit by Luke Glendening and loses puck. 13:47 of 1st period - Shot by Oskar Lindblom. 13:47 of 1st period - Stopped by Scott Darling with a rebound. 13:49 of 1st period - Shot by Oskar Lindblom. 13:49 of 1st period - Shot Blocked by Johnny Boychuk. 13:51 of 1st period - Shot by Jonathon Merrill. 13:51 of 1st period - Shot Misses the Net. 14:06 of 1st period - Shot by Oskar Lindblom. 14:06 of 1st period - Stopped by Scott Darling without a rebound. 14:07 of 1st period - Ryan Johansen wins face-off versus Corey Perry in NORTH DAKOTA HAWKS zone. 14:21 of 1st period - Shot by Ryan Johansen. 14:21 of 1st period - Stopped by Scott Darling without a rebound. 14:22 of 1st period - Ryan Johansen wins face-off versus Nic Dowd in NORTH DAKOTA HAWKS zone. 14:53 of 1st period - Icing by Brent Seabrook. 14:54 of 1st period - Ryan Johansen wins face-off versus Logan Brown in CALGARY FIREMEN zone. 15:47 of 1st period - Icing by Alexandre Fortin. 15:48 of 1st period - Adam Henrique wins face-off versus Logan Brown in NORTH DAKOTA HAWKS zone. 15:51 of 1st period - Shot by Marcus Johansson. 15:51 of 1st period - Shot Misses the Net. 15:54 of 1st period - Icing by Johnny Boychuk. 15:55 of 1st period - Adam Henrique wins face-off versus Logan Brown in NORTH DAKOTA HAWKS zone. 16:06 of 1st period - Shot by Adam Henrique. 16:06 of 1st period - Stopped by Scott Darling with a rebound. 16:08 of 1st period - Shot by Niklas Kronwall. 16:08 of 1st period - Stopped by Scott Darling without a rebound. 16:09 of 1st period - Nic Dowd wins face-off versus Oskar Lindblom in NORTH DAKOTA HAWKS zone. 16:24 of 1st period - Shot by Oskar Lindblom. 16:24 of 1st period - Shot Misses the Net. 16:46 of 1st period - Shot by Colton Sceviour. 16:46 of 1st period - Shot Misses the Net. 17:42 of 1st period - Viktor Arvidsson is hit by Marc Methot and loses puck. 18:01 of 1st period - S